 Dungeon Crawl Stone Soup version 0.31-a0-4-gefa6de2278 (console) character file.

Game seed: 15492874204458965604

28 om the Grave Robber (level 3, 0/16 HPs)
             Began as a Vine Stalker Necromancer on May 4, 2023.
             Succumbed to an adder's poison
             ... on level 2 of the Dungeon.
             The game lasted 00:03:00 (796 turns).

om the Grave Robber (Vine Stalker Necromancer)       Turns: 796, Time: 00:03:01

Health: 0/16       AC:  3    Str: 10    XL:     3   Next: 12%
Magic:  0/8        EV: 12    Int: 17    God:
Gold:   24         SH:  0    Dex: 14    Spells: 6/7 levels left

rFire   . . .        c - +0 dagger
rCold   . . .        (no shield)
rNeg    . . .        a - +0 robe
rPois   .            i - +0 helmet
rElec   .            (no cloak)
rCorr   .            (no gloves)
SInv    .            (no boots)
Will    .....        (no amulet)
Stlth   ++           (no ring)
HPRegen 0.22/turn    (no ring)
MPRegen 0.11/turn

%: guardian spirit
@: mighty, lethally poisoned (0 -> -2), invisible
A: fangs 2, magic shield, antimagic bite, no potion heal 2
a: no special abilities


You were on level 2 of the Dungeon.
You visited 1 branch of the dungeon, and saw 2 of its levels.

You collected 24 gold pieces.

Inventory:

Hand Weapons
 c - a +0 dagger (weapon)
Armour
 a - a +0 robe (worn)
 i - a +0 helmet (worn)
Scrolls
 d - a scroll of fog {unknown}
 f - a scroll of teleportation {unknown}
 g - a scroll of noise {unknown}
 h - 2 scrolls of enchant weapon {unknown}
Potions
 b - a potion of magic
 j - a potion of invisibility


   Skills:
 * Level 2.0 Dodging
 + Level 2.9 Stealth
 * Level 2.7 Spellcasting
 + Level 4.2 Necromancy


You had 6 spell levels left.
You knew the following spells:

 Your Spells              Type           Power      Damage    Failure   Level
a - Necrotise             Necr           64%        1d7       3%          1

Your spell library contained the following spells:

 Spells                   Type           Power      Damage    Failure   Level
 Vampiric Draining        Necr           16%        2d7       10%         3
 Animate Dead             Necr           16%        N/A       32%         4
 Agony                    Necr           16%        N/A       65%         5


Dungeon Overview and Level Annotations

Branches:
Dungeon (2/15)

Altars:
Wu Jian


Innate Abilities, Weirdness & Mutations

You have extremely sharp teeth.
When hurt, damage is shared between your health and your magic reserves.
Your bite disrupts and absorbs the magic of your enemies.
Potions cannot restore your health.


Message History

The dart slug writhes in agony.
The dart slug writhes in agony!
The dart slug launches a dart at you. The slug dart misses you.
An adder and an endoplasm come into view.
Found 10 gold pieces.
The adder hisses angrily.
The dart slug completely misses you.
The dart slug writhes in agony.
You kill the dart slug!
The adder writhes in agony.
The endoplasm quivers.
The adder barely resists.
The adder bites you.
You are poisoned.
The adder poisons you!
The adder writhes in agony.
You feel sick. The adder bites you but does no damage. The adder bites you.
The adder barely resists.
You feel sick. The adder closely misses you.
The adder writhes in agony.
You feel sick. The adder bites you.
You miss the adder. Your bite misses the adder.
The adder is moderately wounded.
You feel sick. The adder bites you.
You are more poisoned.
The adder poisons you!
You are too injured to fight recklessly!
You hit the adder but do no damage.
The adder is moderately wounded.
* * * LOW HITPOINT WARNING * * *
You feel sick. The adder closely misses you. The adder barely misses you.
The endoplasm freezes you.
You are frozen.
* * * LOW HITPOINT WARNING * * *
It was a potion of invisibility.
You fade into invisibility!
* * * LOW HITPOINT WARNING * * *
You feel sick. The adder completely misses you. The endoplasm hits you.
* * * LOW HITPOINT WARNING * * *
It was a potion of might.
You feel very mighty all of a sudden.
You die...

#....$........
#.............
#.............
##...<.......[..
................
##..............
......S.J.......
.....##@......#
.#..............#
....#####.......# #
....#####.......# ..
....+...#.$.....# .#
................##.#
..................
....._..#######.##
................#####.#


You could see an adder (unable to see you) and an endoplasm.

Vanquished Creatures
  2 dart slugs
  5 ball pythons (D:1)
  4 endoplasms (D:1)
  3 goblins
  A hobgoblin (D:1)
  3 kobolds (D:1)
  A bat (D:1)
  A frilled lizard (D:1)
20 creatures vanquished.

Vanquished Creatures (collateral kills)
  An endoplasm (D:1)
1 creature vanquished.

Grand Total: 21 creatures vanquished

Notes
Turn   | Place    | Note
-------+----------+-------------------------------------------
     0 | D:1      | om the Vine Stalker Necromancer began the quest for the
                  | Orb.
     0 | D:1      | Reached XP level 1. HP: 9/9 MP: 4/4
   134 | D:1      | Reached XP level 2. HP: 13/13 MP: 3/6
   621 | D:1      | Reached XP level 3. HP: 16/16 MP: 2/8
   770 | D:2      | Found an ornate altar of the Wu Jian Council.
   796 | D:2      | Succumbed to an adder's poison

Illustrated notes

Levels and vault maps discovered:
D:1:      noname_arrival_rooms_in_the_neighbourhood, layout_basic
D:2:      layout_basic, basic_altar, uniq_terence

Skill      XL: |  1  2 |
---------------+-------+-----
Dodging        | 2 |  2.0
Stealth        | |  2.9
Spellcasting   | |  2.7
Necromancy     | |  4.2

Action                     || total
---------------------------++-------
  Melee: Unarmed           ||     7
         Dagger            ||    21
         Bite              ||     6
   Cast: Necrotise         ||    35
    Use: Potion            ||     2
   Stab: Sleeping          ||     1
 Armour: Robe              ||     5
  Dodge: Dodged            ||    33

Table legend: (Time is in decaauts)
 A = Elapsed time spent in this place.
 B = Non-inter-level travel time spent in this place.
 C = Inter-level travel time spent in this place.
 D = Time resting spent in this place.
 E = Time spent auto-exploring this place.
 F = Levels seen in this place.
 G = Mean time per level.
                   A        B        C        D        E       F      G
               +--------+--------+--------+--------+--------+-----+--------+
         Total |    795 |    768 |     27 |     66 |    519 |   2 |  397.5 |
       Dungeon |    795 |    768 |     27 |     66 |    519 |   2 |  397.5 |
               +--------+--------+--------+--------+--------+-----+--------+

Top non-repeatable levels by time:
     D:1: 719 daAuts
     D:2: 75 daAuts
